 Dungeon Crawl Stone Soup version 0.26-a0-658-gbdda728c12 (webtiles) character file.

Game seed: 10302455864167906642

226 tacoguy the Conjurer (level 5, -2/28 HPs)
             Began as a Deep Elf Conjurer on Oct 5, 2020.
             Splashed by Ijyb's acid (14 damage)
             ... on level 3 of the Dungeon.
             The game lasted 00:11:27 (3432 turns).

tacoguy the Conjurer (Deep Elf Conjurer)            Turns: 3432, Time: 00:11:28

Health: -2/28      AC: -1    Str:  4    XL:     5   Next: 69%
Magic:  12/14      EV: 13    Int: 24    God:
Gold:   91         SH:  0    Dex: 13    Spells: 4/14 levels left

rFire    . . .     SeeInvis .   (no weapon)
rCold    . . .     Faith    .   (no shield)
rNeg     . . .     Spirit   .   a - +1 robe
rPois    .         Reflect  .   (no helmet)
rElec    .         Harm     .   (no cloak)
rCorr    .         Rampage  .   (no gloves)
MR       .....                  (no boots)
Stlth    ++........             (no amulet)
HPRegen  0.09/turn              (no ring)
MPRegen  0.14/turn              (no ring)

@: corroded
A: no striking features
a: no special abilities


You were on level 3 of the Dungeon.
You visited 1 branch of the dungeon, and saw 3 of its levels.

You collected 91 gold pieces.

Inventory:

Armour
 a - a +1 robe (worn)
Scrolls
 b - 4 scrolls of remove curse
 e - 2 scrolls of identify
 g - a scroll of enchant weapon
Potions
 c - 2 potions of magic
 d - 4 potions of heal wounds
 f - a potion of brilliance


   Skills:
 - Level 2.4 Dodging
 - Level 3.4 Stealth
 + Level 5.4 Spellcasting
 + Level 6.3 Conjurations


You had 4 spell levels left.
You knew the following spells:

 Your Spells              Type           Power        Failure   Level
a - Fulminant Prism       Conj/Hex       ###.......   22%         4
b - Searing Ray           Conj           #####.       1%          2
c - Iskenderun's Mystic   Conj/Tloc      ###.....     22%         4

Your spell library contained the following spells:

 Spells                   Type           Power        Failure   Level
 Magic Dart               Conj           ####         1%          1
 Dazzling Flash           Conj/Hex       ###...       7%          3
 Beastly Appendage        Tmut           #.....       9%          1
 Wereblood                Tmut           #.......     13%         2
 Spider Form              Tmut/Pois      #.........   26%         3
 Ice Form                 Ice/Tmut       #.......     63%         4
 Blade Hands              Tmut           #.........   93%         5


Dungeon Overview and Level Annotations

Branches:
Dungeon (3/15)

Altars:
The Shining One

Annotations:
D:3 Ijyb


Message History

Ijyb throws a stone.
The stone misses you. The rat bites you but does no damage.
Found 11 gold pieces.
Ijyb throws a stone.
The stone hits you. The rat misses you.
You see here a stone.
Ijyb throws a stone.
The stone hits you but does no damage.
You see here a stone.
Casting: Searing Ray (safe; 1% risk of failure)
Confirm with . or Enter, or press ? or * to list all spells.
Aiming: Searing Ray (safe; 1% risk of failure)
Press: ? - help, Shift-Dir - straight line, f - rat
Aim: a rat The searing ray hits the rat.
You kill the rat! (Press . to maintain the ray.) Ijyb screams, "I cut your head off!"
Ijyb zaps a wand.
The bolt of acid hits you! The acid corrodes you!
You are splashed with acid!
Ouch! That really hurt!
You die...

#### ######## #...
......############...
.....'...#..........
....#..##.#####....
.$.....(...........
#'#.g...)#.#.#.##.
#.##†#..#.....#......
#>..@((...(..........
######.†#####(##.....
........([.##.....
#.........####.....
#..>......'. +.....
#.(.).....## #....#
#.........# ######
....###.$..


You could see Ijyb.

Vanquished Creatures
  An ogre (D:3)
  2 adders (D:2)
  4 gnolls (D:3)
  2 worms (D:2)
  A dart slug (D:1)
  A leopard gecko (D:2)
  9 hobgoblins
  13 jackals
  2 quokkas
  2 ball pythons
  8 bats
  4 frilled lizards
  7 goblins
  11 kobolds
  9 rats
76 creatures vanquished.

Vanquished Creatures (others)
  2 fulminant prisms (D:3)
2 creatures vanquished.

Grand Total: 78 creatures vanquished

Notes
Turn   | Place    | Note
-------+----------+-------------------------------------------
     0 | D:1      | tacoguy the Deep Elf Conjurer began the quest for the Orb.
     0 | D:1      | Reached XP level 1. HP: 10/10 MP: 6/6
   289 | D:1      | Reached XP level 2. HP: 14/15 MP: 0/8
   359 | D:1      | Learned a level 2 spell: Searing Ray
   607 | D:1      | Reached skill level 5 in Conjurations
  1242 | D:2      | Reached XP level 3. HP: 19/19 MP: 5/9
  1910 | D:2      | Reached XP level 4. HP: 24/24 MP: 8/11
  1973 | D:2      | Found a glowing golden altar of the Shining One.
  2375 | D:2      | Found a faded altar of an unknown god.
  2909 | D:3      | Learned a level 4 spell: Fulminant Prism
  2914 | D:3      | Learned a level 4 spell: Iskenderun's Mystic Blast
  3288 | D:3      | Reached XP level 5. HP: 28/28 MP: 8/14
  3290 | D:3      | Noticed an ogre
  3317 | D:3      | Killed an ogre
  3317 | D:3      | Reached skill level 5 in Spellcasting
  3317 | D:3      | Reached skill level 6 in Conjurations
  3420 | D:3      | Noticed Ijyb
  3432 | D:3      | Splashed by Ijyb's acid

Illustrated notes

Levels and vault maps discovered:
D:1:      matt_arrival_refuge, layout_basic, item_on_display_b
D:2:      layout_loops_cross, chequers_ecumenical_altar_lobes, tso_metal_star
D:3:      cheibrodos_helix_gallery, layout_basic, cheibrodos_sewer_entry_bend,
          uniq_ijyb

Skill      XL: |  1  2  3  4  5 |
---------------+----------------+-----
Conjurations   | 5 6 |  6.3
Stealth        | 3 |  3.4
Spellcasting   | 4 5 |  5.4
Dodging        | |  2.4

Action                   |  1- 3 |  4- 6 || total
-------------------------+-------+-------++-------
Melee: Unarmed           |     1 |       ||     1
 Cast: Magic Dart        |    37 |       ||    37
       Searing Ray       |    19 |    27 ||    46
       Fulminant Prism   |       |     2 ||     2
  Use: Scroll            |     2 |     3 ||     5
       Potion            |       |     5 ||     5
Armor: Robe              |     3 |     4 ||     7
Dodge: Dodged            |     6 |    13 ||    19

Table legend: (Time is in decaauts)
 A = Elapsed time spent in this place.
 B = Non-inter-level travel time spent in this place.
 C = Inter-level travel time spent in this place.
 D = Time resting spent in this place.
 E = Time spent auto-exploring this place.
 F = Levels seen in this place.
 G = Mean time per level.
                   A        B        C        D        E       F      G
               +--------+--------+--------+--------+--------+-----+--------+
         Total |   3435 |   3277 |    158 |   1457 |   1412 |   3 | 1145.0 |
       Dungeon |   3435 |   3277 |    158 |   1457 |   1412 |   3 | 1145.0 |
               +--------+--------+--------+--------+--------+-----+--------+

Top non-repeatable levels by time:
     D:2: 1569 daAuts
     D:1: 1229 daAuts
     D:3: 636 daAuts
